 Dungeon Crawl Stone Soup version 0.27-a0-32-g443bf2d2ca (webtiles) character file.

Game seed: 16267921220394597420

6916 Conn the Thaumaturge (level 11, -18/67 HPs)
             Began as an Octopode Fire Elementalist on Jan 3, 2021.
             Was an Elder of Sif Muna.
             Demolished by a white ugly thing (30 damage)
             ... on level 10 of the Dungeon on Jan 4, 2021.
             The game lasted 00:37:54 (15256 turns).

Conn the Thaumaturge (Octopode Fire Elementalist)  Turns: 15256, Time: 00:37:54

Health: -18/67     AC:  3    Str:  8    XL:     11   Next: 7%
Magic:  19/23      EV: 15    Int: 20    God:    Sif Muna [****..]
Gold:   484        SH:  0    Dex: 13    Spells: 8/27 levels left

rFire    + . .     SeeInvis .   b - +1 dagger (flame)
rCold    . . .     Faith    .   (no shield)
rNeg     . . .     Spirit   .   r - +2 hat
rPois    .         Reflect  .   (no amulet)
rElec    .         Harm     .   f - ring of wizardry
rCorr    .         Rampage  .   z - ring of willpower
Will     +....                  C - ring of protection from fire
Stlth    +++++.....             (no ring)
HPRegen  0.21/turn              (no ring)
MPRegen  0.18/turn              (no ring)
                                (no ring)
                                (no ring)

@: no status effects
A: almost no armour, stealthy swim, amphibious, 8 rings, constrict 8, camouflage
1, gelatinous body 1
a: Renounce Religion, Channel Magic, Forget Spell, Divine Exegesis


You were on level 10 of the Dungeon.
You worshipped Sif Muna.
Sif Muna was greatly pleased with you.
You visited 2 branches of the dungeon, and saw 11 of its levels.

You collected 484 gold pieces.

Inventory:

Hand Weapons
 b - a +1 dagger of flaming (weapon)
 c - a +0 dagger
 i - a +0 short sword
 q - a +2 short sword of speed
 s - a +2 mace of protection
Missiles
 v - 4 curare-tipped darts
Armour
 r - a +2 hat (worn)
Magical Staves
 a - an uncursed staff of fire
Jewellery
 f - a ring of wizardry (left tentacle)
 z - a ring of willpower (right tentacle)
 C - a ring of protection from fire (on tentacle)
 G - an uncursed ring of willpower
Wands
 l - a wand of paralysis (18)
 m - a wand of acid (15)
 o - a wand of disintegration (12)
 y - a wand of iceblast (13)
 A - a wand of polymorph (5)
 I - a wand of flame (19)
Scrolls
 d - 2 scrolls of amnesia
 e - 10 scrolls of identify
 j - 8 scrolls of teleportation
 k - 4 scrolls of remove curse
 u - a scroll of immolation
 w - a scroll of fear
 B - a scroll of fog
Potions
 g - a potion of might
 h - 2 potions of haste
 n - 2 potions of ambrosia
 p - 3 potions of heal wounds
 t - 4 potions of curing
 x - a potion of lignification {unknown}
 D - 2 potions of attraction {unknown}
 F - a potion of mutation {unknown}
 H - a potion of brilliance {unknown}
Miscellaneous
 E - a tin of tremorstones (2/2)


   Skills:
 + Level 3.3 Fighting
 + Level 2.5 Short Blades
 + Level 0.8(1.0) Maces & Flails
 + Level 0.9(1.1) Staves
 + Level 4.5 Dodging
 + Level 8.0 Stealth
 * Level 8.6 Spellcasting
 * Level 7.2 Conjurations
 * Level 8.4 Fire Magic
 * Level 3.4 Invocations


You had 8 spell levels left.
You knew the following spells:

 Your Spells              Type           Power        Failure   Level
a - Foxfire               Conj/Fire      100%         1%          1
b - Conjure Flame         Conj/Fire      40%          1%          3
c - Inner Flame           Hex/Fire       25%          1%          3
d - Sticky Flame          Conj/Fire      40%          1%          4
e - Fireball              Conj/Fire      20%          3%          5
f - Mephitic Cloud        Conj/Pois/Air  18%          3%          3

Your spell library contained the following spells:

 Spells                   Type           Power        Failure   Level
 Poisonous Vapours        Pois/Air       16%          4%          2
 Freezing Cloud           Conj/Ice/Air   9%           86%         6


Dungeon Overview and Level Annotations

Branches:
Dungeon (10/15)            Temple (1/1) D:5            Lair (0/6) D:8
    Orc: D:9-12

Altars:
Ashenzari
Cheibriados
Fedhas
Hepliaklqana
Kikubaaqudgha
Nemelex Xobeh
Okawaru
Qazlal
Ru
Sif Muna
Trog
Vehumet
Wu Jian
Xom
Yredelemnul
Zin

Shops:
D:6 [   D:10 [

Annotations:
D:4 Eustachio


Innate Abilities, Weirdness & Mutations

You cannot wear most types of armour.
You are very stealthy in the water. (Stealth+)
You are amphibious.
You can wear up to eight rings at the same time.
You can use your tentacles to constrict eight enemies at once.
Your skin changes colour to match your surroundings (Stealth+).
Your rubbery body absorbs attacks. (AC +1, EV +1)


Message History

You grab the white ugly thing.
The white ugly thing is severely wounded.
You constrict the white ugly thing. The white ugly thing stings you!
The white ugly thing freezes you!!
Unknown command.
Unknown command.
Unknown command.
Casting: Foxfire (safe; 1% risk of failure)
Confirm with . or Enter, or press ? or * to list all spells.
Aiming: Sticky Flame (dangerous; 1% risk of failure)
Press: ? - help, Shift-Dir - straight line, f - white ugly thing
Aim: a white ugly thing (severely wounded, constricted by you, 0% to evade)
The sticky flame hits the white ugly thing.
The white ugly thing is severely wounded.
The white ugly thing is covered in liquid flames!
You constrict the white ugly thing, but do no damage.
The white ugly thing burns!
The white ugly thing stings you!
* * * LOW HITPOINT WARNING * * *
The white ugly thing freezes you!!
You die...

#.## #.# #.# #.#
#.#.# #.# #.#.# #.##
#.#.# ...###### #.#..
........# #.#.#
...####.######.u.#
#.## ......[#@# #.##
#...# ...##### ##.##
.......# #.# .......#
#####.###.#
.......####.........#
...........#.##.#####
.......#...##.#.#
.........#.###..#


You could see a white ugly thing (burning).

Vanquished Creatures
  A troll (D:9)
  A wyvern (D:5)
  A yak (D:9)
  Grum (D:8)
  3 wargs (D:8)
  2 orc warriors
  9 ice beasts
  2 sky beasts
  2 phantoms
  A black bear (D:10)
  3 ogres
  6 wolves
  2 centaurs
  Blork the orc (D:4)
  8 bullfrogs
  A wyvern skeleton (D:7)
  3 scorpions
  7 killer bees
  2 howler monkeys
  3 wights (D:6)
  An electric eel (D:9)
  2 hounds (D:9)
  3 jellies
  2 quasits
  2 bullfrog zombies
  2 bullfrog skeletons
  2 centaur zombies
  6 orc priests
  11 orc wizards
  3 centaur skeletons
  3 iguanas
  5 worker ants
  A hound zombie (D:9)
  11 adders
  8 gnolls
  A hound simulacrum (D:9)
  4 shadow imps
  8 white imps
  A worker ant simulacrum (D:9)
  4 ufetubi
  2 adder zombies
  An adder skeleton (D:7)
  5 worms
  4 dart slugs
  3 leopard geckos
  42 orcs
  9 giant cockroaches
  16 goblins
  15 hobgoblins
  6 jackals
  19 kobolds
  7 quokkas
  11 bats
  6 frilled lizards
  A jackal skeleton (D:5)
  A jackal zombie (D:7)
  3 leopard gecko skeletons
  A quokka skeleton (D:6)
  12 rats
303 creatures vanquished.

Vanquished Creatures (others)
  753 foxfires
  A plant (D:8)
754 creatures vanquished.

Grand Total: 1057 creatures vanquished

Notes
Turn   | Place    | Note
-------+----------+-------------------------------------------
     0 | D:1      | Conn the Octopode Fire Elementalist began the quest for the
                  | Orb.
     0 | D:1      | Reached XP level 1. HP: 11/11 MP: 3/3
   217 | D:1      | Reached XP level 2. HP: 13/17 MP: 3/5
   689 | D:1      | Reached XP level 3. HP: 21/21 MP: 4/6
  1432 | D:2      | Learned a level 3 spell: Conjure Flame
  2010 | D:2      | Reached XP level 4. HP: 26/27 MP: 0/7
  2464 | D:1      | Learned a level 3 spell: Inner Flame
  2740 | D:2      | Reached XP level 5. HP: 32/32 MP: 1/8
  4794 | D:3      | Reached XP level 6. HP: 37/37 MP: 7/10
  5337 | D:4      | Noticed Blork the orc
  5346 | D:3      | Learned a level 4 spell: Sticky Flame
  5359 | D:4      | Killed Blork the orc
  5554 | D:4      | Found a snail-covered altar of Cheibriados.
  5582 | D:4      | Noticed Eustachio
  6041 | D:4      | Reached skill level 1 in Fighting
  6187 | D:5      | Entered Level 5 of the Dungeon
  6259 | D:5      | Noticed an ice beast
  6280 | D:5      | Killed an ice beast
  6281 | D:5      | Reached XP level 7. HP: 44/44 MP: 3/12
  6384 | D:5      | Found a staircase to the Ecumenical Temple.
  6414 | Temple   | Entered the Ecumenical Temple
  6517 | Temple   | Became a worshipper of Sif Muna the Loreminder
  6903 | D:5      | Noticed a wyvern
  6907 | D:5      | Killed a wyvern
  6908 | D:5      | Reached skill level 5 in Fire Magic
  7112 | D:5      | Reached skill level 1 in Short Blades
  7285 | D:5      | Reached XP level 8. HP: 34/50 MP: 10/15
  7407 | D:5      | Reached skill level 5 in Spellcasting
  7876 | D:5      | Reached skill level 5 in Stealth
  8212 | D:6      | Reached * piety under Sif Muna
  8881 | D:6      | Reached ** piety under Sif Muna
  9263 | D:6      | Found Kaffah's Antique Armour Shop.
  9359 | D:6      | Reached XP level 9. HP: 54/54 MP: 14/18
  9424 | D:6      | Learned a level 5 spell: Fireball
  9777 | D:7      | Reached skill level 5 in Conjurations
 10967 | D:9      | Reached *** piety under Sif Muna
 11095 | D:9      | Reached XP level 10. HP: 62/62 MP: 18/20
 11137 | D:10     | Entered Level 10 of the Dungeon
 11285 | D:10     | Found Teroess's Armour Boutique.
 11412 | D:8      | Reached skill level 1 in Invocations
 11694 | D:8      | Found a staircase to the Lair.
 12785 | D:8      | Noticed Grum
 13297 | D:8      | Killed Grum
 13780 | D:9      | Reached **** piety under Sif Muna
 14152 | D:9      | Learned a level 3 spell: Mephitic Cloud
 14752 | D:10     | Reached XP level 11. HP: 66/67 MP: 18/23
 15251 | D:10     | Noticed a white ugly thing
 15256 | D:10     | Demolished by a white ugly thing

Illustrated notes

Levels and vault maps discovered:
D:1:      dpeg_arrival_tiny_g, layout_loops_corners
D:2:      layout_loops_ring
D:3:      layout_basic, minmay_misc_feat_diagonals, minmay_misc_feat_plants,
          minmay_circle_x
D:4:      layout_layer_cave, cheibriados_altar_1, chequers_ossuary_entry_cave,
          ebering_ghost_gozag, uniq_blork_the_orc, uniq_eustachio
D:5:      layout_loops_cross, temple_pool_b, minmay_fractal_squares_diagonal_5
D:6:      corexii_shantytown, layout_rooms, serial_shops, shop,
          chequers_serial_rivers_micro_c, amcnicky_mini_corridor_feature
D:7:      layout_basic
D:8:      layout_loops_ring, erik_lair_orcish_takeover,
          kennysheep_generic_room_15, uniq_grum
D:9:      layout_gridville, serial_ice, serial_ice_i, serial_ice_b,
          serial_ice_m, serial_ice_g, serial_ice_o, serial_ice_f
D:10:     layout_loops_ring, serial_shops, nicolae_shop_statue_plus, uniq_fannar
Temple:   regret_index_temple_sigil_plot

Skill      XL: |  1  2  3  4  5  6  7  8  9 10 |
---------------+-------------------------------+-----
Stealth        | 3 4 5 7 8 |  8.0
Fire Magic     | 4 5 6 7 8 |  8.4
Conjurations   | 2 3 4 5 7 |  7.2
Spellcasting   | 3 4 6 7 8 |  8.6
Fighting       | 1 2 3 |  3.3
Short Blades   | 1 2 |  2.5
Dodging        | 3 4 |  4.5
Invocations    | 3 |  3.4
Maces & Flails | |  0.8
Staves         | |  0.9

Action                   |  1- 3 |  4- 6 |  7- 9 | 10-12 || total
-------------------------+-------+-------+-------+-------++-------
Melee: Dagger            |    66 |     9 |   143 |    27 ||   245
       Constrict         |    16 |    11 |    33 |     8 ||    68
       Tentacles         |    11 |     8 |    22 |     6 ||    47
       Unarmed           |     1 |       |       |       ||     1
       Short sword       |       |    32 |       |       ||    32
       Mace              |       |    17 |       |       ||    17
       Staff             |       |       |     1 |    20 ||    21
Throw: Throwing net      |       |     2 |       |       ||     2
 Cast: Foxfire           |    37 |   117 |   181 |   106 ||   441
       Conjure Flame     |       |     4 |     5 |     6 ||    15
       Sticky Flame      |       |     3 |    19 |    33 ||    55
       Fireball          |       |       |     2 |     4 ||     6
       Inner Flame       |       |       |     1 |       ||     1
  Use: Potion            |     2 |     6 |       |       ||     8
       Scroll            |       |     8 |     1 |     4 ||    13
 Stab: Sleeping          |    10 |     3 |    26 |     5 ||    44
       Distracted        |       |       |       |     1 ||     1
Armor: Skin              |    11 |     9 |    31 |    24 ||    75
Dodge: Dodged            |    36 |    91 |   135 |   114 ||   376

Table legend: (Time is in decaauts)
 A = Elapsed time spent in this place.
 B = Non-inter-level travel time spent in this place.
 C = Inter-level travel time spent in this place.
 D = Time resting spent in this place.
 E = Time spent auto-exploring this place.
 F = Levels seen in this place.
 G = Mean time per level.
                   A        B        C        D        E       F      G
               +--------+--------+--------+--------+--------+-----+--------+
         Total |  15218 |  14906 |    312 |   3904 |   7148 |  11 | 1383.5 |
       Dungeon |  15085 |  14802 |    283 |   3904 |   7054 |  10 | 1508.5 |
        Temple |    132 |    103 |     29 |      0 |     94 |   1 |  132.0 |
               +--------+--------+--------+--------+--------+-----+--------+

Top non-repeatable levels by time:
     D:8: 2168 daAuts
     D:3: 2098 daAuts
     D:5: 1839 daAuts
     D:1: 1689 daAuts
     D:6: 1538 daAuts
     D:2: 1536 daAuts
     D:9: 1416 daAuts
     D:7: 1281 daAuts
     D:4: 838 daAuts
    D:10: 678 daAuts
  Temple: 132 daAuts
